 Dungeon Crawl Stone Soup version 0.24-a0-778-g74da537585 (webtiles) character file.

Game seed: 1615318883095579447, levelgen mode: deterministic

22201 Kohma the Thaumaturge (level 12, -48/95 HPs)
             Began as a Gnoll Skald on Oct 7, 2019.
             Was a High Priest of Okawaru.
             Killed from afar by Jorgrun (68 damage)
             ... with an iron shot
             ... on level 13 of the Dungeon.
             The game lasted 01:05:39 (17977 turns).

Kohma the Thaumaturge (Gnoll Skald)                Turns: 17977, Time: 01:05:39

Health: -48/95     AC: 18    Str: 18    XL:     12   Next: 98%
Magic:  21/25      EV: 16    Int: 16    God:    Okawaru [*****.]
Gold:   896        SH:  0    Dex: 15    Spells: 5/29 levels left

rFire    + . .     SeeInvis .   R - +2 glaive (chop)
rCold    . . .     Gourm    .   (shield currently unavailable)
rNeg     + . .     Faith    .   H - +2 ring mail {rN+}
rPois    .         Spirit   .   Q - +1 hat
rElec    .         Reflect  .   r - +0 cloak
rCorr    .         Harm     .   n - +0 pair of gloves
MR       .....                  t - +2 pair of boots
Stlth    +++.......             (no amulet)
HPRegen  0.25/turn              f - ring of protection from fire
MPRegen  0.19/turn              P - +3 ring of protection

@: shrouded
A: distributed training, fangs 1, strong nose
a: Heroism, Finesse, Renounce Religion


You were on level 13 of the Dungeon.
You worshipped Okawaru.
Okawaru was extremely pleased with you.
You were not hungry.

You visited 2 branches of the dungeon, and saw 14 of its levels.
You also visited: Sewer.

You collected 944 gold pieces.
You spent 48 gold pieces at shops.

Inventory:

Hand Weapons
 F - a +2 war axe of freezing
 R - a +2 glaive of chopping (weapon)
Missiles
 b - 11 curare-tipped darts
 g - 243 arrows
 D - 37 poisoned darts (quivered)
 K - 141 bolts
 O - 338 stones
 S - 4 datura-tipped darts
 V - 12 sling bullets
Armour
 n - a +0 pair of gloves (worn)
 r - a +0 cloak (worn)
 t - a +2 pair of boots (worn)
 w - the +2 robe of Vines {NoPotionHeal Regen+7}
   (You found it on level 10 of the Dungeon)

   It increases your rate of regeneration.
 H - a +2 ring mail of positive energy (worn)
 L - a +0 shield
 M - +0 acid dragon scales
 Q - a +1 hat (worn)
Jewellery
 f - a ring of protection from fire (left hand)
 s - an uncursed ring of stealth
 P - a +3 ring of protection (right hand)
Wands
 e - a wand of random effects (35)
 h - a wand of acid (17)
 u - a wand of polymorph (11)
 A - a wand of flame (21)
 C - a wand of clouds (10)
 N - a wand of enslavement (7)
Scrolls
 c - 4 scrolls of enchant armour
 j - 3 scrolls of amnesia
 m - 7 scrolls of remove curse
 p - 3 scrolls of fog
 y - 4 scrolls of teleportation
 E - a scroll of blinking
 G - a scroll of magic mapping
 I - 7 scrolls of identify
 J - a scroll of enchant weapon
 U - a scroll of silence {unknown}
Potions
 i - a potion of brilliance
 k - 5 potions of cancellation
 l - a potion of mutation
 q - 3 potions of lignification
 v - 3 potions of curing
 x - 3 potions of flight
 B - a potion of ambrosia
 W - a potion of might
Miscellaneous
 T - a phantom mirror
Comestibles
 d - 24 rations


   Skills:
 + Level 9.0 Fighting
 + Level 7.6 Short Blades
 + Level 9.0 Long Blades
 + Level 7.6 Axes
 + Level 7.6 Maces & Flails
 + Level 7.6 Polearms
 + Level 7.6 Staves
 + Level 7.6 Slings
 + Level 7.6 Bows
 + Level 7.6 Crossbows
 + Level 7.6 Throwing
 + Level 8.1 Armour
 + Level 9.0 Dodging
 + Level 7.6 Stealth
 + Level 7.6 Shields
 + Level 7.6 Unarmed Combat
 + Level 9.2 Spellcasting
 + Level 6.3 Conjurations
 + Level 6.3 Hexes
 + Level 8.5 Charms
 + Level 6.3 Summonings
 + Level 6.3 Necromancy
 + Level 6.3 Translocations
 + Level 6.3 Transmutations
 + Level 6.3 Fire Magic
 + Level 6.3 Ice Magic
 + Level 6.3 Air Magic
 + Level 6.3 Earth Magic
 + Level 6.3 Poison Magic
 + Level 8.4 Invocations
 + Level 7.6 Evocations


You had 5 spell levels left.
You knew the following spells:

 Your Spells              Type           Power        Failure   Level  Hunger
a - Infusion              Chrm           ####         1%          1    None
b - Song of Slaying       Chrm           ####....     1%          2    None
c - Shroud of Golubria    Chrm/Tloc      ####..       1%          2    None
d - Regeneration          Chrm/Necr      ####......   2%          3    #......
e - Spectral Weapon       Hex/Chrm       ####....     2%          3    #......
f - Mephitic Cloud        Conj/Pois/Air  ####....     3%          3    #......
g - Call Imp              Summ           ####....     1%          2    None
h - Blink                 Tloc           N/A          1%          2    None
i - Fulminant Prism       Conj/Hex       ####......   12%         4    ###....
j - Passwall              Tmut/Erth      ####....     1%          2    None

Your spell library contained the following spells:

 Spells                   Type           Power        Failure   Level  Hunger
 Corona                   Hex            ####...      1%          1    None
 Magic Dart               Conj           ####         1%          1    None
 Sandblast                Erth           ####..       1%          1    None
 Ensorcelled Hibernation  Hex/Ice        ####..       1%          2    None
 Searing Ray              Conj           ####..       1%          2    None
 Slow                     Hex            ####....     1%          2    None
 Confuse                  Hex            ####....     3%          3    #......
 Conjure Flame            Conj/Fire      ####....     3%          3    #......
 Dazzling Spray           Conj/Hex       ####..       3%          3    #......
 Stone Arrow              Conj/Erth      ####..       3%          3    #......
 Tukima's Dance           Hex            ####....     3%          3    #......
 Force Lance              Conj/Tloc      ####....     12%         4    ###....
 Iskenderun's Mystic Bla  Conj           ####....     12%         4    ###....
 Petrify                  Tmut/Erth      ####....     12%         4    ###....
 Lee's Rapid Deconstruct  Erth           ####......   32%         5    #####..


Dungeon Overview and Level Annotations

Branches:
Dungeon (13/15)            Temple (1/1) D:6            Lair (0/6) D:11
    Orc (0/2) D:11          Sewer (visited)
 Vaults: D:13-14

Altars:
Ashenzari
Cheibriados
Dithmenos
Elyvilon
Fedhas
Gozag
Hepliaklqana
Kikubaaqudgha
Makhleb
Nemelex Xobeh
Okawaru
Qazlal
Ru
Sif Muna
Trog
Uskayaw
Vehumet
Wu Jian
Xom
Yredelemnul
Zin
The Shining One

Shops:
D:4 =   D:6 ?   D:8 [

Annotations:
D:9 2 runed translucent doors
D:10 1 runed translucent door
D:13 Jorgrun


Innate Abilities, Weirdness & Mutations

Your experience applies equally to all skills.
You have very sharp teeth.
Your uncanny sense of smell can sniff out nearby items.


Message History

The iron shot hits you!!
Jorgrun hits you with an uncursed staff of earth.
Jorgrun crushes you!
You barely miss Jorgrun. Your bite misses Jorgrun.
Jorgrun is moderately wounded.
Your spectral weapon hits Jorgrun!
Jorgrun misses you.
You slice Jorgrun!! Your bite misses Jorgrun.
Jorgrun is severely wounded.
Your spectral weapon hits Jorgrun.
Jorgrun points at your spectral weapon and mumbles some strange words.
The iron shot hits your spectral weapon!!!
Your spectral weapon shares its damage with you!
Your spectral weapon fades away.
* * * LOW HITPOINT WARNING * * *
You closely miss Jorgrun.
Jorgrun is severely wounded.
Jorgrun points at you and mumbles some strange words.
The iron shot hits you!!!
Ouch! That really hurt!
You die...

∆ ∆∆
###....≈≈..#
∆∆
###...≈..#
∆∆
∆∆##.....#
##....# ∆∆
##...# ##..#
##.# #.# #@#
#.g# ∆ #...#
#....# ∆∆
#.....#
#...≈..#
....≈≈..#
...≈≈≈..#


You could see Jorgrun.

Vanquished Creatures
  Josephine (D:13)
  The ghost of Myhiomoi the Geomancer, a journeyman GrEE of Vehumet (D:12)
  A hydra (D:12)
  3 two-headed ogres
  A death knight (D:8)
  Nergalle (D:10)
  A skeletal warrior (D:8)
  2 unseen horrors
  A manticore (D:11)
  3 ugly things
  A cyclops (D:9)
  Maurice (D:8)
  A centaur zombie (D:11)
  A gargoyle (D:10)
  3 trolls
  A hornet (D:12)
  6 hippogriffs
  A spriggan (D:7)
  7 wraiths
  Sigmund (D:2)
  8 yaks
  Grum (D:10)
  A basilisk (D:11)
  A steam dragon (D:12)
  4 vampire mosquitoes (D:12)
  An acid dragon (D:8)
  A soldier ant (D:12)
  3 porcupines (D:11)
  6 black bears
  3 orc warriors
  An eye of draining (D:8)
  4 phantoms
  2 sky beasts
  4 ogres
  2 wolves (D:9)
  2 necrophages
  7 centaurs
  2 crocodiles (D:11)
  A big kobold (Sewer)
  5 bullfrogs
  2 wyvern zombies
  A water moccasin zombie (D:8)
  8 scorpions
  13 wights
  12 killer bees
  5 electric eels (D:10)
  3 howler monkeys
  4 crimson imps
  2 quasits
  5 hounds
  2 jellies
  Crazy Yiuf (D:3)
  A centaur skeleton (D:10)
  10 orc priests
  A bullfrog skeleton (D:6)
  3 iguanas
  Terence (D:2)
  6 worker ants
  Natasha (twice) (D:3)
  9 orc wizards
  A hound skeleton (D:7)
  A worker ant zombie (D:10)
  7 gnolls
  A howler monkey skeleton (D:11)
  12 adders
  2 river rats
  2 shadow imps
  4 oozes (D:1)
  An adder skeleton (D:4)
  6 worms
  2 dart slugs
  13 leopard geckos
  53 orcs
  A ball python (D:3)
  11 giant cockroaches
  8 goblins
  8 hobgoblins
  13 jackals
  5 quokkas
  8 bats
  5 frilled lizards
  10 kobolds
  21 rats
  4 plants (D:10)
387 creatures vanquished.

Vanquished Creatures (collateral kills)
  A yak (D:9)
1 creature vanquished.

Vanquished Creatures (others)
  An orc wizard (D:10)
  2 fulminant prisms
  17 fungi (D:11)
  5 plants
  19 spectral weapons
44 creatures vanquished.

Grand Total: 432 creatures vanquished

Notes
Turn   | Place    | Note
-------+----------+-------------------------------------------
     0 | D:1      | Kohma the Gnoll Skald began the quest for the Orb.
     0 | D:1      | Reached XP level 1. HP: 20/20 MP: 6/6
     0 | D:1      | Noticed a jelly
     1 | D:1      | Found a runed translucent door.
   248 | D:1      | Reached XP level 2. HP: 26/26 MP: 7/7
   255 | D:1      | Learned a level 2 spell: Song of Slaying
   258 | D:1      | Learned a level 2 spell: Shroud of Golubria
   425 | D:1      | Reached XP level 3. HP: 20/31 MP: 9/9
   430 | D:1      | Learned a level 3 spell: Regeneration
   434 | D:1      | Learned a level 3 spell: Spectral Weapon
   787 | D:1      | Reached skill level 5 in Spellcasting
   804 | D:1      | Reached skill level 1 in Invocations
   818 | D:1      | Reached skill level 1 in Short Blades
   818 | D:1      | Reached skill level 1 in Axes
   818 | D:1      | Reached skill level 1 in Maces & Flails
   818 | D:1      | Reached skill level 1 in Polearms
   818 | D:1      | Reached skill level 1 in Staves
   818 | D:1      | Reached skill level 1 in Slings
   818 | D:1      | Reached skill level 1 in Bows
   818 | D:1      | Reached skill level 1 in Crossbows
   818 | D:1      | Reached skill level 1 in Throwing
   818 | D:1      | Reached skill level 1 in Stealth
   818 | D:1      | Reached skill level 1 in Shields
   818 | D:1      | Reached skill level 1 in Unarmed Combat
   818 | D:1      | Reached skill level 1 in Evocations
   818 | D:1      | Reached XP level 4. HP: 26/38 MP: 2/11
  1046 | D:2      | Found a stormy altar of Qazlal.
  1090 | D:2      | Reached skill level 1 in Conjurations
  1090 | D:2      | Reached skill level 1 in Hexes
  1090 | D:2      | Reached skill level 1 in Summonings
  1090 | D:2      | Reached skill level 1 in Necromancy
  1090 | D:2      | Reached skill level 1 in Translocations
  1090 | D:2      | Reached skill level 1 in Transmutations
  1090 | D:2      | Reached skill level 1 in Fire Magic
  1090 | D:2      | Reached skill level 1 in Ice Magic
  1090 | D:2      | Reached skill level 1 in Air Magic
  1090 | D:2      | Reached skill level 1 in Earth Magic
  1090 | D:2      | Reached skill level 1 in Poison Magic
  1131 | D:2      | Noticed Terence
  1423 | D:2      | Noticed Sigmund
  1433 | D:2      | Killed Sigmund
  1433 | D:2      | Reached XP level 5. HP: 22/43 MP: 3/12
  1433 | D:2      | Reached XP level 6. HP: 25/50 MP: 3/13
  2367 | D:2      | Killed Terence
  2615 | D:3      | Reached skill level 5 in Fighting
  2615 | D:3      | Reached skill level 5 in Long Blades
  2615 | D:3      | Reached skill level 5 in Dodging
  3032 | D:3      | Found a shimmering blue altar of Sif Muna.
  3351 | D:3      | Noticed Natasha
  3364 | D:3      | Killed Natasha
  3364 | D:3      | Reached XP level 7. HP: 37/56 MP: 5/15
  3481 | D:3      | Found a runed translucent door.
  3482 | D:3      | Noticed Crazy Yiuf
  3500 | D:3      | Killed Crazy Yiuf
  3661 | D:3      | Noticed Natasha
  3668 | D:3      | Killed Natasha
  3762 | D:4      | Found a white marble altar of Elyvilon.
  3814 | D:4      | Found a hazy altar of Hepliaklqana.
  3896 | D:4      | Found Runolas's Jewellery Emporium.
  3955 | D:4      | Noticed a +0 dagger
  3955 | D:4      | Noticed a +0 hand axe
  3956 | D:4      | Found a hide-covered altar of Uskayaw.
  4310 | D:4      | Reached XP level 8. HP: 63/63 MP: 16/16
  4315 | D:4      | Found a glowing drain.
  4322 | Sewer    | Entered a sewer
  4433 | Sewer    | Found a white marble altar of Elyvilon.
  4616 | D:4      | Found a burning altar of Makhleb.
  4616 | D:4      | Found a sparkling altar of Nemelex Xobeh.
  4616 | D:4      | Found a glowing golden altar of the Shining One.
  4652 | D:5      | Entered Level 5 of the Dungeon
  5039 | D:5      | Found a shadowy altar of Dithmenos.
  5937 | D:6      | Found Faholim's Magic Scroll Emporium.
  5947 | D:6      | Found a snail-covered altar of Cheibriados.
  5949 | D:6      | Bought a scroll of remove curse for 36 gold pieces
  5949 | D:6      | Bought a scroll of noise for 12 gold pieces
  6026 | D:6      | Found a staircase to the Ecumenical Temple.
  6076 | Temple   | Entered the Ecumenical Temple
  6221 | Temple   | Became a worshipper of Warmaster Okawaru
  6510 | D:7      | Noticed a hippogriff
  6524 | D:7      | Killed a hippogriff
  6524 | D:7      | Reached XP level 9. HP: 49/68 MP: 18/18
  7103 | D:7      | Reached * piety under Okawaru
  7103 | D:7      | Reached skill level 5 in Armour
  7943 | D:8      | Reached skill level 5 in Invocations
  8421 | D:8      | Reached XP level 10. HP: 75/76 MP: 20/20
  8701 | D:8      | Reached ** piety under Okawaru
  8726 | D:8      | Noticed Maurice
  8759 | D:8      | Killed Maurice
  8759 | D:8      | Reached skill level 5 in Short Blades
  8759 | D:8      | Reached skill level 5 in Axes
  8759 | D:8      | Reached skill level 5 in Maces & Flails
  8759 | D:8      | Reached skill level 5 in Polearms
  8759 | D:8      | Reached skill level 5 in Staves
  8759 | D:8      | Reached skill level 5 in Slings
  8759 | D:8      | Reached skill level 5 in Bows
  8759 | D:8      | Reached skill level 5 in Crossbows
  8759 | D:8      | Reached skill level 5 in Throwing
  8759 | D:8      | Reached skill level 5 in Stealth
  8759 | D:8      | Reached skill level 5 in Shields
  8759 | D:8      | Reached skill level 5 in Unarmed Combat
  8759 | D:8      | Reached skill level 5 in Evocations
  8924 | D:8      | Found Rivah's Armour Emporium.
 10229 | D:9      | Noticed a skeletal warrior
 10233 | D:9      | Noticed a death knight
 10566 | D:8      | Killed a death knight
 10566 | D:8      | Reached *** piety under Okawaru
 11312 | D:9      | Found the +2 shield of Resistance {rF+ rC+ MR+}
 11312 | D:9      | Found a runed translucent door.
 11312 | D:9      | Noticed an ice dragon
 11312 | D:9      | Noticed an ice dragon
 11312 | D:9      | Noticed a fire dragon
 11313 | D:9      | Noticed a fire dragon
 11315 | D:9      | Found a runed translucent door.
 11338 | D:9      | Learned a level 3 spell: Mephitic Cloud
 11341 | D:9      | Learned a level 2 spell: Call Imp
 11344 | D:9      | Learned a level 2 spell: Blink
 11356 | D:9      | Noticed a cyclops
 11393 | D:9      | Killed a cyclops
 11705 | D:9      | Reached XP level 11. HP: 67/84 MP: 7/22
 11720 | D:9      | Reached **** piety under Okawaru
 12139 | D:8      | Killed a skeletal warrior
 12358 | D:10     | Entered Level 10 of the Dungeon
 12358 | D:10     | Found the +2 robe of Vines {NoPotionHeal Regen+7}
 12360 | D:10     | Noticed Grum
 12689 | D:10     | Killed Grum
 12796 | D:10     | Found a shimmering blue altar of Sif Muna.
 12814 | D:10     | Reached skill level 5 in Conjurations
 12814 | D:10     | Reached skill level 5 in Hexes
 12814 | D:10     | Reached skill level 5 in Summonings
 12814 | D:10     | Reached skill level 5 in Necromancy
 12814 | D:10     | Reached skill level 5 in Translocations
 12814 | D:10     | Reached skill level 5 in Transmutations
 12814 | D:10     | Reached skill level 5 in Fire Magic
 12814 | D:10     | Reached skill level 5 in Ice Magic
 12814 | D:10     | Reached skill level 5 in Air Magic
 12814 | D:10     | Reached skill level 5 in Earth Magic
 12814 | D:10     | Reached skill level 5 in Poison Magic
 12830 | D:10     | Learned a level 4 spell: Fulminant Prism
 12941 | D:10     | Found a white marble altar of Elyvilon.
 12941 | D:10     | Noticed an angel
 12942 | D:10     | Found a runed translucent door.
 13358 | D:10     | Noticed Nergalle
 13394 | D:10     | Killed Nergalle
 13755 | D:10     | Noticed a two-headed ogre
 13758 | D:10     | Killed a two-headed ogre
 14509 | D:10     | Received a gift from Okawaru
 14844 | D:11     | Noticed a manticore
 14852 | D:11     | Killed an unseen horror
 14852 | D:11     | Reached ***** piety under Okawaru
 14853 | D:11     | Killed a manticore
 14897 | D:11     | Found a staircase to the Lair.
 15229 | D:11     | Received a gift from Okawaru
 15257 | D:11     | Reached XP level 12. HP: 62/93 MP: 22/24
 15499 | D:11     | Found a staircase to the Orcish Mines.
 15820 | D:12     | Learned a level 2 spell: Passwall
 15868 | D:12     | Noticed a four-headed hydra
 15878 | D:12     | Killed an eight-headed hydra
 16227 | D:12     | Received a gift from Okawaru
 16599 | D:12     | Noticed a two-headed ogre
 16612 | D:12     | Killed a two-headed ogre
 16704 | D:12     | Found a runed translucent door.
 16704 | D:12     | Noticed Myhiomoi's ghost (journeyman GrEE)
 16724 | D:12     | Killed Myhiomoi's ghost
 16966 | D:12     | Received a gift from Okawaru
 17646 | D:13     | Noticed a two-headed ogre
 17653 | D:13     | Killed a two-headed ogre
 17653 | D:13     | Received a gift from Okawaru
 17754 | D:13     | Noticed Josephine
 17772 | D:13     | Killed Josephine
 17966 | D:13     | Noticed Jorgrun
 17977 | D:13     | Killed from afar by Jorgrun

Levels and vault maps discovered:
D:1:      dpeg_arrival_caged_fury, layout_loops_cross
D:2:      layout_basic, grunt_qazlal_sundering, st_stairs_6,
          hangedman_decor_opposing, uniq_sigmund, uniq_terence
D:3:      layout_loops_cross, led_sif_book, minmay_misc_feat_pillars,
          uniq_crazy_yiuf_cottage, uniq_natasha
D:4:      layout_rooms, dancing_weapons_uskayaw, lemuel_doored_altar,
          elyvilon_altar_5, gammafunk_temple_overflow_claw, first_ration,
          serial_shops, nicolae_shop_competitors_out_of_business,
          gup_sewer_entry_bubbles
D:5:      layout_basic, overflow_temple_1_default
D:6:      layout_cave_pools, minmay_temple_entry_junction_2, basic_altar,
          serial_shops, shop, minmay_microvault
D:7:      layout_basic, the_bakery, wad_floor_pattern_1
D:8:      layout_gridville, serial_shops, shop, uniq_maurice
D:9:      layout_basic, minmay_guarded_unrand_resistance
D:10:     layout_basic, basic_altar, serial_bayou, serial_bayou_pond_a,
          serial_bayou_shore_a, serial_bayou_pond_e, serial_bayou_lagoon_a,
          hangedman_abyss_or_decor_lesser_grid, lemuel_angel_altar,
          uniq_nergalle, uniq_grum
D:11:     layout_roguey, due_lair_maze_entry_diamond, orc_0_dummy
D:12:     layout_stronghold, gammafunk_ghost_grave
D:13:     evilmike_iron_armoury, layout_loops_corners,
          ximxim_vaults_locker_room, hangedman_abyss_or_decor_slice,
          uniq_jorgrun, uniq_josephine
Temple:   nicolae_temple_figure_eight

Skill      XL: |  1  2  3  4  5  6  7  8  9 10 11 12 |
---------------+-------------------------------------+-----
Spellcasting   | 5 6 7 8 9 |  9.2
Invocations    | 1 2 3 4 5 6 7 8 |  8.4
Short Blades   | 1 2 3 4 5 6 7 |  7.6
Axes           | 1 2 3 4 5 6 7 |  7.6
Maces & Flails | 1 2 3 4 5 6 7 |  7.6
Polearms       | 1 2 3 4 5 6 7 |  7.6
Staves         | 1 2 3 4 5 6 7 |  7.6
Slings         | 1 2 3 4 5 6 7 |  7.6
Bows           | 1 2 3 4 5 6 7 |  7.6
Crossbows      | 1 2 3 4 5 6 7 |  7.6
Throwing       | 1 2 3 4 5 6 7 |  7.6
Stealth        | 1 2 3 4 5 6 7 |  7.6
Shields        | 1 2 3 4 5 6 7 |  7.6
Unarmed Combat | 1 2 3 4 5 6 7 |  7.6
Evocations     | 1 2 3 4 5 6 7 |  7.6
Conjurations   | 1 2 3 4 5 6 |  6.3
Hexes          | 1 2 3 4 5 6 |  6.3
Summonings     | 1 2 3 4 5 6 |  6.3
Necromancy     | 1 2 3 4 5 6 |  6.3
Translocations | 1 2 3 4 5 6 |  6.3
Transmutations | 1 2 3 4 5 6 |  6.3
Fire Magic     | 1 2 3 4 5 6 |  6.3
Ice Magic      | 1 2 3 4 5 6 |  6.3
Air Magic      | 1 2 3 4 5 6 |  6.3
Earth Magic    | 1 2 3 4 5 6 |  6.3
Poison Magic   | 1 2 3 4 5 6 |  6.3
Armour         | 3 4 5 6 7 8 |  8.1
Fighting       | 5 6 7 8 9 |  9.0
Long Blades    | 5 6 7 8 9 |  9.0
Dodging        | 5 6 7 8 9 |  9.0
Charms         | 6 7 8 |  8.5

Action                   |  1- 3 |  4- 6 |  7- 9 | 10-12 || total
-------------------------+-------+-------+-------+-------++-------
Melee: Falchion          |    78 |   172 |   545 |   295 ||  1090
       Bite              |    14 |    28 |    82 |   107 ||   231
       Punch             |       |     2 |    15 |    14 ||    31
       Unarmed           |       |       |       |    20 ||    20
       Bardiche          |       |       |       |   242 ||   242
       War axe           |       |       |       |    16 ||    16
       Glaive            |       |       |       |   210 ||   210
Throw: Dart              |       |       |       |     6 ||     6
 Cast: Infusion          |     1 |     1 |     1 |     3 ||     6
       Song of Slaying   |     2 |     5 |    14 |    24 ||    45
       Shroud of Golubri |     1 |     7 |    20 |    39 ||    67
       Regeneration      |     1 |     5 |     8 |    14 ||    28
       Spectral Weapon   |       |     6 |    11 |    54 ||    71
       Call Imp          |       |       |       |     7 ||     7
       Mephitic Cloud    |       |       |       |     3 ||     3
       Fulminant Prism   |       |       |       |     2 ||     2
Evoke: Wand              |       |       |       |     1 ||     1
  Use: Scroll            |       |     9 |     9 |     4 ||    22
       Potion            |       |       |     1 |     2 ||     3
 Stab: Sleeping          |       |     2 |     9 |    12 ||    23
       Confused          |       |       |       |     1 ||     1
       Distracted        |       |       |       |     2 ||     2
  Eat: Chunk             |       |     5 |    20 |    22 ||    47
       Ration            |       |     1 |       |     4 ||     5
Armor: Leather armour    |    13 |       |       |       ||    13
       Ring mail         |    10 |    46 |   259 |   403 ||   718
       Skin              |       |       |       |     1 ||     1
       Robe              |       |       |       |     9 ||     9
Dodge: Dodged            |    69 |   108 |   462 |   710 ||  1349
Block: Shield            |       |       |       |     6 ||     6
       Rpst.: Falchion   |    24 |    39 |   130 |    86 ||   279

Table legend:
 A = Non-vault XP
 B = Vault XP
 C = Vault XP percentage of total XP
 D = Non-vault monster count
 E = Vault monster count
 F = Vault count percentage of total count
                 A         B        C        D         E       F
            +---------+---------+-------+---------+---------+-------
      Total |   25116 |    6601 |  20.8 |     318 |      67 |  17.4
            +---------+---------+-------+---------+---------+-------
        D:1 |      37 |      94 |  71.8 |      23 |      18 |  43.9
        D:2 |      44 |     245 |  84.8 |      15 |       3 |  16.7
        D:3 |     208 |      76 |  26.8 |      30 |       2 |   6.2
        D:4 |     504 |      33 |   6.1 |      22 |       8 |  26.7
        D:5 |     384 |       0 |   0.0 |      17 |       0 |   0.0
        D:6 |     579 |       3 |   0.5 |      13 |       1 |   7.1
        D:7 |    1217 |     239 |  16.4 |      19 |       1 |   5.0
        D:8 |    3569 |     462 |  11.5 |      38 |       1 |   2.6
        D:9 |    3152 |     234 |   6.9 |      39 |       2 |   4.9
       D:10 |    2926 |    1041 |  26.2 |      23 |       2 |   8.0
       D:11 |    4305 |    1128 |  20.8 |      40 |      11 |  21.6
       D:12 |    6862 |    1024 |  13.0 |      30 |       1 |   3.2
       D:13 |    1329 |    1903 |  58.9 |       9 |       5 |  35.7
      Sewer |       0 |     119 | 100.0 |       0 |      12 | 100.0
            +---------+---------+-------+---------+---------+-------
